 Dungeon Crawl Stone Soup version 0.27-a0-1177-g245c70e1c0 (webtiles) character file.

Game seed: 366150455522397864

496 Armakuni the Conjurer (level 6, 0/57 HPs)
             Began as a Deep Elf Wanderer on May 16, 2021.
             Slain by a lemure (3 damage)
             ... led by Pikel
             ... on level 4 of the Dungeon.
             The game lasted 00:14:02 (5755 turns).

Armakuni the Conjurer (Deep Elf Wanderer)           Turns: 5755, Time: 00:14:03

Health: 0/57       AC: 23    Str: 11 (13) XL:     6   Next: 93%
Magic:  11/14      EV:  2    Int: 12 (15) God:
Gold:   179        SH:  0    Dex: 12 (14) Spells: 2/13 levels left

rFire    . . .     SeeInvis .   a - +2 spear
rCold    . . .     Faith    .   (no shield)
rNeg     + + +     Spirit   .   (armour currently unavailable)
rPois    +         Reflect  .   (helmet currently unavailable)
rElec    .         Harm     .   (cloak currently unavailable)
rCorr    .         Rampage  .   (gloves currently unavailable)
Will     .....     NoTele   +   (boots currently unavailable)
Stlth    ++........             (no amulet)
HPRegen  0.19/turn              (no ring)
MPRegen  0.14/turn              (no ring)

@: tree-form
A: stationary, stasis, torment immunity, boosted hp
a: no special abilities


You were on level 4 of the Dungeon.
You were a tree.
You visited 1 branch of the dungeon, and saw 5 of its levels.

You collected 179 gold pieces.

Inventory:

Hand Weapons
 a - a +2 spear (weapon)
 b - a +0 hunting sling
Missiles
 e - 52 poisoned darts (quivered)
 f - a throwing net
 g - 36 sling bullets
Armour
 d - a +2 leather armour (melded)
 o - a +0 pair of boots (melded)
Magical Staves
 k - a staff of conjuration
Scrolls
 j - a scroll of identify
 m - 3 scrolls of teleportation
Potions
 c - a potion of lignification
 h - a potion of curing
 i - a potion of flight


   Skills:
 - Level 4.0 Fighting
 - Level 1.3 Polearms
 - Level 1.0 Throwing
 - Level 1.2 Dodging
 - Level 2.4 Stealth
 - Level 4.0 Spellcasting
 + Level 5.2 Conjurations
 - Level 3.8 Hexes


You had 2 spell levels left.
You knew the following spells:

 Your Spells              Type           Power      Damage    Failure   Level
b - Blink                 Tloc           N/A        N/A       32%         2
f - Sticky Flame          Conj/Fire      8%         2d3       58%         4
m - Mephitic Cloud        Conj/Pois/Air  6%         N/A       32%         3
s - Slow                  Hex            11%        N/A       7%          2

Your spell library contained the following spells:

 Spells                   Type           Power      Damage    Failure   Level
 Magic Dart               Conj           56%        1d5       2%          1
 Foxfire                  Conj/Fire      32%        2x1d5     8%          1
 Beastly Appendage        Tmut           4%         N/A       22%         1
 Call Imp                 Summ           2%         N/A       32%         2
 Wereblood                Tmut           2%         N/A       32%         2
 Conjure Flame            Conj/Fire      8%         6-21      22%         3
 Inner Flame              Hex/Fire       7%         N/A       30%         3
 Spider Form              Tmut/Pois      1%         N/A       54%         3
 Ice Form                 Ice/Tmut       2%         N/A       91%         4
 Fireball                 Conj/Fire      4%         3d4       91%         5
 Hydra Form               Tmut           1%         N/A       99%         5


Dungeon Overview and Level Annotations

Branches:
Dungeon (5/15)
 Temple: D:4-7

Altars:
Okawaru
Sif Muna
Yredelemnul

Annotations:
D:4 exclusion: door, Pikel


Message History

* * * LOW HITPOINT WARNING * * *
Casting: Slow (safe; 9% risk of failure)
Confirm with . or Enter, or press ? or * to list all spells.
Aiming: Slow (safe; 9% risk of failure)
Press: ? - help, Shift-Dir - straight line, f/p - Pikel
Aim: Pikel, wielding a +1 whip of flaming and wearing a +0 robe (lightly wounded, very poisoned, slow, chance to affect: 47%) Pikel resists with some effort.
The lemure completely misses you.
Pikel hits you with a +1 whip of flaming.
* * * LOW HITPOINT WARNING * * *
Pikel burns you.
* * * LOW HITPOINT WARNING * * *
Really quaff the potion of lignification?
You turn into a tree.
Your +0 pair of boots melds into your body.
Your +2 leather armour melds into your body.
Your roots penetrate the ground.
The lemure hits you but does no damage.
Okay, then.
Okay, then.
Unknown command.
Okay, then.
Throw: dart (curare)
Press: ? - help, Q - select action, (/) - cycle Shift-Dir - straight line, f/p - Pikel
Aim: Pikel, wielding a +1 whip of flaming and wearing a +0 robe (lightly wounded, very poisoned, slow, 51% to hit)
You throw a curare-tipped dart. The curare-tipped dart hits Pikel.
Pikel looks as sick as possible!
Pikel convulses.
Pikel seems to be slow for longer.
Pikel is heavily wounded.
Pikel hits you with a +1 whip of flaming.
* * * LOW HITPOINT WARNING * * *
Pikel burns you.
* * * LOW HITPOINT WARNING * * *
The lemure hits you but does no damage.
You completely miss Pikel.
Pikel is heavily wounded.
Pikel says, "You'll make a fine lemure."
Pikel hits you but does no damage. The lemure hits you but does no damage.
You hit Pikel but do no damage.
Pikel is heavily wounded.
The lemure hits you.
You die...

#.####.# ##.#......# #....... #
#.####.###.........###.###### #
#.#........#..##........# # #
#.#...........##........# # #
#......###..............# # #
###..#####..#...........# # #
#..##.....#######.....# #
#######..##.##.#### ##...## #
.........##....K♣.# #...# #
########.......##5# #...# #
#.....###5#####.######...######
###.....##.#....#.#.............#
.##...........#...............^..
.##.....#.#.#...#.#.............#
.##.....#.#.......######...######
.########.#..#..### #...# .#
#.......#.#..# #...#


You could see Pikel (extremely poisoned, slow) and 2 lemures.

Vanquished Creatures
  A necrophage (D:4)
  2 lemures (D:4)
  A scorpion (D:3)
  A water moccasin zombie (D:4)
  A human zombie (D:4)
  2 iguanas (D:4)
  9 adders
  4 gnolls (D:4)
  A worm (D:2)
  3 dart slugs
  10 ball pythons
  9 bats
  3 endoplasms
  5 giant cockroaches
  7 goblins
  9 hobgoblins
  4 jackals (D:1)
  4 kobolds
  5 frilled lizards
  5 rats
86 creatures vanquished.

Notes
Turn   | Place    | Note
-------+----------+-------------------------------------------
     0 | D:1      | Armakuni the Deep Elf Wanderer began the quest for the Orb.
     0 | D:1      | Armakuni set off with the following items: a +0 dagger, a
                  | scroll of teleportation, a potion of lignification, a +2
                  | leather armour
     0 | D:1      | Reached XP level 1. HP: 14/14 MP: 3/3
   176 | D:1      | Reached XP level 2. HP: 18/20 MP: 4/4
   521 | D:1      | Learned a level 2 spell: Slow
   542 | D:1      | Reached skill level 1 in Spellcasting
   619 | D:1      | Reached XP level 3. HP: 24/24 MP: 6/6
   836 | D:2      | Learned a level 2 spell: Blink
   905 | D:2      | Reached skill level 1 in Hexes
  1201 | D:2      | Found an iron altar of Okawaru.
  1872 | D:3      | Noticed a scorpion
  1878 | D:3      | Killed a scorpion
  1879 | D:3      | Reached XP level 4. HP: 29/29 MP: 8/10
  2115 | D:2      | Reached XP level 5. HP: 10/33 MP: 8/12
  2827 | D:2      | Learned a level 3 spell: Mephitic Cloud
  3068 | D:3      | You fall into a shaft and drop 1 floor!
  3117 | D:3      | Reached skill level 1 in Conjurations
  3141 | D:3      | Learned a level 4 spell: Sticky Flame
  3422 | D:4      | Reached skill level 2 in Conjurations
  3589 | D:4      | Found a shimmering blue altar of Sif Muna.
  3610 | D:4      | Reached skill level 3 in Conjurations
  3610 | D:4      | Reached XP level 6. HP: 26/38 MP: 14/14
  3760 | D:4      | Found a basalt altar of Yredelemnul.
  4196 | D:4      | Reached skill level 4 in Conjurations
  4413 | D:4      | Reached skill level 5 in Conjurations
  4828 | D:5      | Entered Level 5 of the Dungeon
  4832 | D:5      | Noticed Pikel
  5755 | D:4      | Slain by a lemure

Illustrated notes

Levels and vault maps discovered:
D:1:      dpeg_arrival_rooms_c, layout_basic
D:2:      layout_basic, basic_altar, minivault_14,
          chequers_serial_rivers_micro_e
D:3:      layout_basic, minmay_vboxes
D:4:      layout_loops_cross, kennysheep_mini,
          lemuel_mausoleum_altar_yredelemnul
D:5:      layout_basic, amcnicky_altar_gilded, lemuel_doored_altar,
          nzn_wu_jian_contemplation, kennysheep_mini_moat,
          minmay_temple_entry_antechambers, serial_bayou_pond_d,
          minmay_fractal_squares_diagonal_5, uniq_duvessa, uniq_pikel,
          uniq_menkaure, uniq_grinder

Skill      XL: |  1  2  3  4  5  6 |
---------------+-------------------+-----
Fighting       | 4 |  4.0
Spellcasting   | 1 3 4 |  4.0
Hexes          | 3 |  3.8
Conjurations   | 3 5 |  5.2
Polearms       | |  1.3
Throwing       | |  1.0
Dodging        | |  1.2
Stealth        | |  2.4

Action                   |  1- 3 |  4- 6 || total
-------------------------+-------+-------++-------
Melee: Dagger            |    76 |       ||    76
       Spear             |    37 |   232 ||   269
 Fire: Hunting sling     |       |    17 ||    17
Throw: Dart              |    74 |    42 ||   116
 Cast: Slow              |       |    24 ||    24
  Use: Scroll            |     3 |     5 ||     8
       Potion            |       |     6 ||     6
 Stab: Sleeping          |     3 |     4 ||     7
Armor: Leather armour    |    38 |    66 ||   104
       Skin              |       |     9 ||     9
Dodge: Dodged            |    66 |   115 ||   181

Table legend: (Time is in decaauts)
 A = Elapsed time spent in this place.
 B = Non-inter-level travel time spent in this place.
 C = Inter-level travel time spent in this place.
 D = Time resting spent in this place.
 E = Time spent auto-exploring this place.
 F = Levels seen in this place.
 G = Mean time per level.
                   A        B        C        D        E       F      G
               +--------+--------+--------+--------+--------+-----+--------+
         Total |   5778 |   5451 |    327 |   2048 |   2118 |   5 | 1155.6 |
       Dungeon |   5778 |   5451 |    327 |   2048 |   2118 |   5 | 1155.6 |
               +--------+--------+--------+--------+--------+-----+--------+

Top non-repeatable levels by time:
     D:4: 2461 daAuts
     D:2: 1644 daAuts
     D:3: 907 daAuts
     D:1: 731 daAuts
     D:5: 33 daAuts
